 Dungeon Sprint DCSS version 0.21-a0-630-g344d351 (webtiles) character file.

24532 Agnizab the Wrestler (level 12, -4/132 HPs)
             Began as a Troll Berserker on Dec 25, 2017.
             Was the Champion of Trog.
             Slain by a flayed ghost (23 damage)
             ... summoned by a mummy priest
             ... in the Dungeon (Sprint I: "Red Sonja").
             The game lasted 00:16:10 (2523 turns).

Agnizab the Wrestler (Troll Berserker)              Turns: 2523, Time: 00:16:11

Health: -4/132     AC:  2    Str: 30    XL:     12   Next: 81%
Magic:  8/8        EV: 17    Int:  3    God:    Trog [******]
Gold:   1535       SH:  0    Dex: 11    Spells: 11/11 levels left

rFire    . . .     SeeInvis .     - Unarmed
rCold    . . .     Gourm    +   (no shield)
rNeg     . . .     Faith    .   a - +0 animal skin
rPois    .         Spirit   .   (helmet restricted)
rElec    .         Reflect  .   (no cloak)
rCorr    +         Harm     .   (gloves unavailable)
MR       .....     NoTele   +   (boots unavailable)
Stlth    ++........             m - amulet of magic regeneration
HPRegen  0.72/turn              k - ring of resist corrosion
MPRegen  0.36/turn              (no ring)

@: corroded, very slow
A: large, unfitting armour, antennae 1, claws 3, iridescent scales 1, agile 1,
blurry vision 2, deformed body, fast metabolism 3, gourmand, low mp 2,
regeneration 1, screaming 1, shaggy fur 1, tough skin 2, weak 1
a: Berserk, Trog's Hand, Brothers in Arms, Burn Spellbooks, Renounce Religion


You were in the Dungeon.
You worshipped Trog.
Trog was exalted by your worship.
You were not hungry.

You visited 1 branch You collected 2239 gold pieces.
You spent 704 gold pieces at shops.

Inventory:

Armour
 a - a +0 animal skin (worn)
Jewellery
 k - a ring of resist corrosion (left claw)
 m - an amulet of magic regeneration (around neck)
Wands
 j - a wand of enslavement (25)
 n - a wand of random effects (27)
Scrolls
 h - a scroll of blinking
Potions
 c - 2 potions of curing
 e - a potion of haste
 f - 3 potions of magic
 g - a potion of berserk rage
 i - a potion of might
Miscellaneous
 o - a crystal ball of energy
 p - a phial of floods


   Skills:
 + Level 12.2 Fighting
 + Level 14.3 Dodging
 + Level 4.0 Stealth
 + Level 22.7 Unarmed Combat
 + Level 0.1 Evocations


You had 11 spell levels left.
You didn't know any spells.

Dungeon Overview and Level Annotations

Branches:
Dungeon (1/1)

Altars:
Cheibriados
Dithmenos
Elyvilon
Fedhas
Gozag
Hepliaklqana
Kikubaaqudgha
Makhleb
Nemelex Xobeh
Okawaru
Qazlal
Ru
Sif Muna
Trog
Uskayaw
Vehumet
Wu Jian
Xom
Yredelemnul
Zin
The Shining One
Jiyva
Lugonu

Shops:
D !=(:}!!:[:%[*:%((}*[[

Annotations:
D exclusion: oklob plant, Tiamat


Innate Abilities, Weirdness & Mutations

You are too large for most types of armour.
You have claws for hands.
Your metabolism is lightning-fast.
You like to eat raw meat.
Your natural rate of healing is unusually fast.
You are covered in fur. (AC +1)
You have very tough skin. (AC +2)
You have a pair of small antennae on your head.
You are partially covered in iridescent scales. (AC +2)
You are agile. (Dex +2)
Scrolls take you longer to read.
Armour fits poorly on your strangely shaped body.
Your magical capacity is very low. (-20% MP)
You occasionally shout uncontrollably at your foes.
You are weak. (Str -2)


Message History

You start resting.
A flayed ghost opens the door.
The flayed ghost stares at you with tortured malice.
You scratch the flayed ghost but do no damage.
You miss the flayed ghost. The flayed ghost hits you.
* * * LOW HITPOINT WARNING * * *
You scratch the flayed ghost.
The flayed ghost is lightly damaged.
The flayed ghost cries, "Feel what I felt!"
You mangle the flayed ghost!!
The flayed ghost is moderately damaged.
You barely miss the flayed ghost.
The flayed ghost is moderately damaged.
The flayed ghost cries, "Feel what I felt!"
You closely miss the flayed ghost.
The flayed ghost is moderately damaged.
You miss the flayed ghost. You claw the flayed ghost.
The flayed ghost is moderately damaged.
The flayed ghost hits you!!
You die...

§§#^....#..###$#..≈.##
..###++##)##..$#..≈##
.###..###..#+###..≈#
.####..###...#P≈..##
'#..#.$#$###.#M≈..#{
.#...$$$$$$#.###..#
##....§§$$$#.#.'..#
('......####'#.##W##
###...###))..#.#@≈≈#
[.#####...#### #≈≈≈≈#
........### #≈≈≈≈≈#
....##### ##≈≈≈≈#
...## #'≈≈≈'≈ ..##
$##≈≈#≈≈ ..# $ #####
### ≈≈≈≈≈d


You could see a flayed ghost.

Vanquished Creatures
  4 fire giants (D)
  A lorocyproca (D)
  A deep elf annihilator (D)
  2 centaur warriors (D)
  Sonja (D)
  7 unseen horrors (D)
  A deep troll (D)
  A lindwurm (D)
  An oklob plant (D)
  8 shining eyes (D)
  A merfolk siren (D)
  A gargoyle (D)
  4 demonic crawlers (D)
  2 kobold demonologists (D)
  A slime creature (D)
  2 hornets (D)
  2 redbacks (D)
  Sigmund (D)
  13 hogs (D)
  A yak (D)
  7 floating eyes (D)
  7 necrophages (D)
  An ogre (D)
  8 jellies (D)
  Ijyb (D)
  A ballistomycete (D)
80 creatures vanquished.

Vanquished Creatures (collateral kills)
  A shadow dragon (D)
  A hydra (D)
2 creatures vanquished.

Vanquished Creatures (others)
  A merfolk siren (D)
  A gargoyle (D)
  3 hornets (D)
  2 ballistomycete spores (D)
7 creatures vanquished.

Grand Total: 89 creatures vanquished

Notes
Turn   | Place    | Note
-------+----------+-------------------------------------------
     0 | D        | Agnizab the Troll Berserker began the quest for the Orb.
     0 | D        | Reached XP level 1. HP: 22/22 MP: 0/0
     1 | D        | Noticed Ijyb
    19 | D        | Killed Ijyb
    19 | D        | Reached skill level 4 in Unarmed Combat
    19 | D        | Reached XP level 2. HP: 23/31 MP: 1/1
    35 | D        | Noticed an ogre
    45 | D        | Killed an ogre
    45 | D        | Reached skill level 5 in Dodging
    45 | D        | Reached skill level 6 in Unarmed Combat
    45 | D        | Reached XP level 3. HP: 21/40 MP: 2/2
    45 | D        | Reached XP level 4. HP: 26/49 MP: 3/3
    85 | D        | Noticed Sigmund
    95 | D        | Killed Sigmund
    95 | D        | Reached ** piety under Trog
    95 | D        | Reached skill level 8 in Unarmed Combat
    95 | D        | Reached XP level 5. HP: 59/59 MP: 4/4
   120 | D        | Found an ornate altar of the Wu Jian Council.
   120 | D        | Found a deep blue altar of Sif Muna.
   122 | D        | Found a radiant altar of Vehumet.
   125 | D        | Reached XP level 6. HP: 63/67 MP: 5/5
   149 | D        | Found Luill's Book Emporium.
   149 | D        | Found an ancient bone altar of Kikubaaqudgha.
   149 | D        | Found a hazy altar of Hepliaklqana.
   149 | D        | Found a stormy altar of Qazlal.
   149 | D        | Found a hide-covered altar of Uskayaw.
   149 | D        | Found a blossoming altar of Fedhas.
   149 | D        | Found a bloodstained altar of Trog.
   149 | D        | Found an iron altar of Okawaru.
   149 | D        | Found a basalt altar of Yredelemnul.
   149 | D        | Found a glowing golden altar of the Shining One.
   149 | D        | Found a snail-covered altar of Cheibriados.
   149 | D        | Found a sacrificial altar of Ru.
   149 | D        | Found a glowing silver altar of Zin.
   149 | D        | Found a shadowy altar of Dithmenos.
   149 | D        | Found a white marble altar of Elyvilon.
   149 | D        | Noticed a yak
   153 | D        | Killed a yak
   153 | D        | Reached skill level 9 in Unarmed Combat
   154 | D        | Found an opulent altar of Gozag.
   155 | D        | Found a sparkling altar of Nemelex Xobeh.
   176 | D        | Found a viscous altar of Jiyva.
   176 | D        | Found a corrupted altar of Lugonu.
   176 | D        | Noticed a slime creature
   177 | D        | Found a burning altar of Makhleb.
   177 | D        | Found a shimmering altar of Xom.
   182 | D        | Killed a slime creature
   182 | D        | Reached *** piety under Trog
   182 | D        | Reached skill level 10 in Unarmed Combat
   182 | D        | Reached XP level 7. HP: 44/78 MP: 6/6
   249 | D        | Noticed a kobold demonologist
   250 | D        | Noticed a kobold demonologist
   253 | D        | Noticed a rust devil
   262 | D        | Noticed a hellwing
   263 | D        | Killed a kobold demonologist
   263 | D        | Reached skill level 11 in Unarmed Combat
   267 | D        | Killed a kobold demonologist
   267 | D        | Reached **** piety under Trog
   267 | D        | Reached XP level 8. HP: 55/89 MP: 7/7
   321 | D        | Noticed a centaur warrior
   321 | D        | Noticed a centaur warrior
   327 | D        | Killed a centaur warrior
   327 | D        | Reached skill level 10 in Dodging
   327 | D        | Reached skill level 12 in Unarmed Combat
   331 | D        | Killed a centaur warrior
   331 | D        | Reached skill level 13 in Unarmed Combat
   331 | D        | Reached XP level 9. HP: 100/100 MP: 8/8
   347 | D        | Paralysed by a hornet for 2 turns
   349 | D        | Reached ***** piety under Trog
   349 | D        | Reached skill level 14 in Unarmed Combat
   465 | D        | Noticed an oklob plant
   470 | D        | Killed an oklob plant
   470 | D        | Reached skill level 1 in Stealth
   491 | D        | Noticed a deep troll
   497 | D        | Killed a deep troll
   497 | D        | Received a gift from Trog
   564 | D        | Found Tiroemi's Armour Emporium.
   592 | D        | Reached skill level 15 in Unarmed Combat
   602 | D        | Reached XP level 10. HP: 62/110 MP: 6/9
   709 | D        | Killed an unseen horror
   709 | D        | Reached skill level 10 in Fighting
   715 | D        | Killed an unseen horror
   722 | D        | Killed a gargoyle
   772 | D        | Reached skill level 16 in Unarmed Combat
   788 | D        | Reached ****** piety under Trog
   788 | D        | Received a gift from Trog
   924 | D        | Found Set Nues's Book Shoppe.
   924 | D        | Found Wotanwue's Distillery.
   924 | D        | Found Wiylepta's Armour Boutique.
   926 | D        | Found Billaa's Book Emporium.
   926 | D        | Found Joetaiv's Food Shop.
   926 | D        | Found Jeder's Armour Shoppe.
   926 | D        | Found Toodghal's General Store.
   926 | D        | Found Qeredghor's Book Emporium.
   926 | D        | Found Quive's Food Shop.
   926 | D        | Found Akhoblupn's Weapon Shoppe.
   930 | D        | Bought a potion of mutation for 104 gold pieces
   930 | D        | Gained mutation: You are agile. (Dex +2) [potion of mutation]
   930 | D        | Gained mutation: Armour fits poorly on your strangely shaped body. [potion of mutation]
   930 | D        | Gained mutation: You have a pair of small antennae on your head. [potion of mutation]
   932 | D        | Found Uca Lufa's Antique Weapon Boutique.
   933 | D        | Found Toixyfroeb's General Store.
   933 | D        | Found Waeph's Gadget Boutique.
   934 | D        | Found Yraxkack's Antique Armour Emporium.
   942 | D        | Bought a phial of floods for 480 gold pieces
  1000 | D        | Received a gift from Trog
  1094 | D        | Noticed a gargoyle
  1099 | D        | Killed a gargoyle
  1099 | D        | Reached skill level 17 in Unarmed Combat
  1108 | D        | Noticed a lindwurm
  1114 | D        | Killed a lindwurm
  1178 | D        | Reached XP level 11. HP: 119/119 MP: 10/10
  1191 | D        | Received a gift from Trog
  1212 | D        | Reached skill level 18 in Unarmed Combat
  1278 | D        | Killed a lorocyproca
  1590 | D        | Noticed a daeva
  1626 | D        | Noticed Sonja
  1630 | D        | Killed Sonja
  1630 | D        | Received a gift from Trog
  1693 | D        | Found Qisuogh's Distillery.
  1701 | D        | Bought a potion of heal wounds for 60 gold pieces
  1701 | D        | Bought a potion of heal wounds for 60 gold pieces
  1757 | D        | Noticed a shining eye
  1757 | D        | Noticed a shining eye
  1757 | D        | Noticed a shining eye
  1762 | D        | Paralysed by a floating eye for 4 turns
  1772 | D        | Gained mutation: Your magical capacity is low. (-10% MP) [a shining eye]
  1774 | D        | Killed a shining eye
  1774 | D        | Reached skill level 19 in Unarmed Combat
  1774 | D        | Paralysed by a floating eye for 4 turns
  1779 | D        | Killed a shining eye
  1781 | D        | Noticed a shining eye
  1781 | D        | Noticed a shining eye
  1781 | D        | Noticed a shining eye
  1785 | D        | Gained mutation: You are weak. (Str -2) [a shining eye]
  1786 | D        | Killed a shining eye
  1786 | D        | Gained mutation: Scrolls take you a little longer to read. [a shining eye]
  1789 | D        | Killed a shining eye
  1791 | D        | Killed a shining eye
  1792 | D        | Noticed a shining eye
  1792 | D        | Noticed a shining eye
  1793 | D        | Gained mutation: You occasionally shout uncontrollably at your foes. [a shining eye]
  1794 | D        | Killed a shining eye
  1797 | D        | Gained mutation: Your magical capacity is very low. (-20% MP) [a shining eye]
  1797 | D        | Paralysed by a floating eye for 3 turns
  1801 | D        | Gained mutation: You are partially covered in iridescent scales. (AC +2) [a shining eye]
  1802 | D        | Gained mutation: Scrolls take you longer to read. [a shining eye]
  1806 | D        | Killed a shining eye
  1807 | D        | Killed a shining eye
  1807 | D        | Reached skill level 20 in Unarmed Combat
  1815 | D        | Found Xana's Jewellery Shoppe.
  1815 | D        | Found Voublenee's Weapon Emporium.
  1816 | D        | Found Unis's Distillery.
  1817 | D        | Found Utzyll's Gadget Shop.
  1888 | D        | Killed an unseen horror
  1888 | D        | Received a gift from Trog
  1889 | D        | Killed an unseen horror
  1889 | D        | Reached XP level 12. HP: 101/130 MP: 8/8
  1909 | D        | HP: 5/130 [something (3)]
  2083 | D        | Noticed a fire giant
  2085 | D        | Noticed a fire giant
  2087 | D        | Noticed a fire giant
  2093 | D        | Noticed a fire giant
  2095 | D        | Killed a fire giant
  2095 | D        | Reached skill level 21 in Unarmed Combat
  2097 | D        | Killed a fire giant
  2097 | D        | Received a gift from Trog
  2102 | D        | Killed a fire giant
  2107 | D        | Killed a fire giant
  2107 | D        | Received a gift from Trog
  2107 | D        | Reached skill level 22 in Unarmed Combat
  2147 | D        | Noticed Tiamat
  2188 | D        | Noticed a 12-headed hydra
  2191 | D        | Killed a 13-headed hydra
  2243 | D        | Noticed a deep elf annihilator
  2383 | D        | Noticed a shadow dragon
  2388 | D        | Killed a deep elf annihilator
  2390 | D        | Killed a shadow dragon
  2390 | D        | Received a gift from Trog
  2397 | D        | Noticed a mummy priest
  2523 | D        | Slain by a flayed ghost

Vault maps used:
D:        dungeon_sprint_1

Skill      XL: |  1  2  3  4  5  6  7  8  9 10 11 12 |
---------------+-------------------------------------+-----
Fighting       | 3 4 6 7 8 9 11 12 | 12.2
Dodging        | 3 5 6 8 9 10 11 12 13 14 | 14.3
Unarmed Combat | 4 6 8 10 11 13 15 17 20 22 | 22.7
Stealth        | 1 2 4 |  4.0
Evocations     | |  0.1

Action                   |  1- 3 |  4- 6 |  7- 9 | 10-12 || total
-------------------------+-------+-------+-------+-------++-------
Melee: Unarmed           |    26 |    15 |    47 |   191 ||   279
       Punch             |       |     1 |     4 |    24 ||    29
Invok: Berserk           |       |       |     2 |     8 ||    10
       Trog's Hand       |       |       |       |     5 ||     5
       Brothers in Arms  |       |       |       |     2 ||     2
Evoke: Wand              |       |       |       |     1 ||     1
  Use: Potion            |       |       |       |     6 ||     6
       Scroll            |       |       |       |     1 ||     1
  Eat: Chunk             |     2 |       |     4 |    14 ||    20
       Ration            |       |       |       |     4 ||     4
Armor: Animal skin       |     3 |     1 |    10 |    38 ||    52
Dodge: Dodged            |    13 |     5 |    21 |   115 ||   154

Table legend:
 A = Spawn XP
 B = Non-spawn XP
 C = Spawn XP percentage of total XP
 D = Spawn monster count
 E = Non-spawn monster count
 F = Spawn count percentage of total count
 G = Total turns spent on level
                    A         B        C        D         E        F      G
               +---------+---------+-------+---------+---------+-------+---------
         Total |       0 |   35047 |   0.0 |       0 |      81 |   0.0 |  2523
               +---------+---------+-------+---------+---------+-------+---------
             D |       0 |   35047 |   0.0 |       0 |      81 |   0.0 |  2523
               +---------+---------+-------+---------+---------+-------+---------
